 Dungeon Crawl Stone Soup version 0.19.4-9-g45fd643 (webtiles) character file.

146 Deathtrap2010 the Chopper (level 5, -6/47 HPs)
             Began as a Minotaur Fighter on Feb 19, 2017.
             Mangled by Edmund
             ... wielding a +1 dire flail of protection
              (12 damage)
             ... on level 4 of the Dungeon.
             The game lasted 00:10:00 (1724 turns).

Deathtrap2010 the Chopper (Minotaur Fighter)        Turns: 1724, Time: 00:10:00

Health: -6/47      AC:  8    Str: 21    XL:     5   Next: 7%
Magic:  4/4        EV:  7    Int:  5    God:    Xom [.*....]
Gold:   89         SH: 10    Dex: 10    Spells: 0 memorised, 4 levels left

rFire  . . .     SeeInvis .     a - +0 war axe
rCold  . . .     Gourm    +     b - +0 scale mail
rNeg   . . .     Faith    .     c - +1 shield
rPois  +         Spirit   .     (helmet restricted)
rElec  .         Reflect  .     (no cloak)
rCorr  .         Harm     .     p - +0 pair of gloves
MR     .....                    (no boots)
Stlth  ..........               e - amulet of the gourmand
                                (no ring)
                                n - ring of poison resistance

@: no status effects
A: retaliatory headbutt, horns 2
a: Renounce Religion


You were on level 4 of the Dungeon.
You worshipped Xom.
You were a plaything of Xom.
You were not hungry.

You visited 1 branch of the dungeon, and saw 4 of its levels.

You collected 89 gold pieces.

Inventory:

Hand Weapons
 a - a +0 war axe (weapon)
Missiles
 l - a throwing net (quivered)
Armour
 b - a +0 scale mail (worn)
 c - a +1 shield (worn)
 p - a +0 pair of gloves (worn)
Jewellery
 e - an amulet of the gourmand (around neck)
 n - a ring of poison resistance (left hand)
Scrolls
 m - 5 scrolls of identify
 o - a scroll of enchant armour
Potions
 d - a potion of might
 g - a potion of invisibility
Comestibles
 f - 3 bread rations
 h - 4 fruits
 i - a royal jelly
 j - a meat ration
 k - a beef jerky


   Skills:
 * Level 4.4 Fighting
 * Level 4.6 Axes
 * Level 4.4 Armour
 + Level 0.2 Dodging
 * Level 4.2 Shields


You had 4 spell levels left.
You didn't know any spells.

Dungeon Overview and Level Annotations

Branches:
Dungeon (4/15)
 Temple: D:4-7

Altars:
Okawaru
Xom

Annotations:
D:4 Edmund


Innate Abilities, Weirdness & Mutations

You reflexively headbutt those who attack you in melee.
You have a pair of horns on your head.


Message History

Your shield and scale mail prevent you from hitting Edmund.
Your headbutt misses Edmund.
Edmund is moderately wounded.
You closely miss the orc. You hit the orc knight.
Edmund hits you but does no damage.
The orc knight hits you with a broad axe!!
* * * LOW HITPOINT WARNING * * *
Xom is mildly amused.
You block the orc's attack.
You hit Edmund. Your headbutt misses Edmund.
Edmund is moderately wounded.
You hit the orc knight but do no damage.
You barely miss the ogre. You hit the orc.
You kill the orc!
That felt strangely unrewarding.
You are now a plaything of Xom.
The ogre misses you. You furiously retaliate!
You headbutt the ogre.
Edmund hits you with a dire flail of protection!
You die...
Xom titters!

.# ######+##!#
#.......#.#
#.......#.#
#.....?.#.######
∆
#...............
#....oo...#####
#.....@o...#
#.....@Oo..#
.........##<##
.........##.#
.............
....###......#
#### #......# ∆
#......#
........
.........


You could see an orc knight, Edmund, an orc warrior, an ogre, an orc wizard and
an orc.

Vanquished Creatures
  Natasha (twice) (D:2)
  An adder (D:2)
  A gnoll (D:1)
  An ooze (D:1)
  An adder skeleton (D:4)
  4 dart slugs
  A leopard gecko (D:3)
  6 orcs
  2 giant cockroaches (D:2)
  3 goblins
  7 hobgoblins
  4 jackals (D:1)
  A quokka (D:3)
  5 bats
  4 frilled lizards
  11 kobolds
  6 rats
60 creatures vanquished.

Notes
Turn   | Place    | Note
-------+----------+-------------------------------------------
     0 | D:1      | Deathtrap2010 the Minotaur Fighter began the quest for the Orb.
     0 | D:1      | Reached XP level 1. HP: 19/19 MP: 0/0
    36 | D:1      | Reached XP level 2. HP: 27/27 MP: 1/1
   290 | D:1      | Reached XP level 3. HP: 26/33 MP: 2/2
   512 | D:2      | Noticed Natasha
   517 | D:2      | Killed Natasha
   553 | D:2      | Found an iron altar of Okawaru.
   570 | D:2      | Became a worshipper of Warmaster Okawaru
   571 | D:2      | Fell from the grace of Okawaru
   777 | D:2      | Reached XP level 4. HP: 40/40 MP: 3/3
   988 | D:2      | Noticed Natasha
   997 | D:2      | Killed Natasha
  1474 | D:3      | Reached XP level 5. HP: 47/47 MP: 4/4
  1495 | D:3      | Found a shimmering altar of Xom.
  1503 | D:3      | Became a worshipper of Xom of Chaos
  1518 | D:3      | XOM: harmless Tloc miscast
  1701 | D:4      | Noticed Edmund
  1720 | D:4      | XOM: divination: detect items
  1721 | D:4      | Noticed an orc knight
  1721 | D:4      | Noticed an orc warrior
  1721 | D:4      | Noticed an ogre
  1724 | D:4      | Mangled by Edmund

Skill      XL: |  1  2  3  4 |
---------------+-------------+-----
Armour         | 4 |  4.4
Fighting       | 4 |  4.4
Axes           | 3 4 |  4.6
Shields        | 4 |  4.2
Dodging        | |  0.2

Action                   |  1- 3 |  4- 6 || total
-------------------------+-------+-------++-------
Melee: War axe           |    51 |    82 ||   133
       Headbutt          |    12 |     7 ||    19
Invok: Renounce Religion |     1 |       ||     1
  Use: Scroll            |     2 |     4 ||     6
       Potion            |     3 |     2 ||     5
  Eat: Meat ration       |       |     1 ||     1
Armor: Scale mail        |    22 |    44 ||    66
Dodge: Dodged            |    18 |    25 ||    43
Block: Shield            |    30 |    63 ||    93
